 Dungeon Crawl Stone Soup version 0.31.0-11-ge490571c62 (webtiles) character file.

Game seed: 10507312541195964081

74 qw the Shooter (level 4, -3/22 HPs)
             Began as a Spriggan Hunter on Feb 4, 2024.
             Slain by a goblin
             ... wielding a +0 dagger
             ... led by Robin
              (4 damage)
             ... on level 2 of the Dungeon.
             The game lasted 00:00:09 (687 turns).

qw the Shooter (Spriggan Hunter)                     Turns: 687, Time: 00:00:09

Health: -3/22      AC:  2    Str:  7    XL:     4   Next: 9%
Magic:  5/5        EV: 19    Int: 10    God:
Gold:   55         SH:  0    Dex: 20    Spells: 3/3 levels left

rFire   . . .        a - +0 shortbow
rCold   . . .        (shield currently unavailable)
rNeg    . . .        c - +0 robe
rPois   .            (helmet restricted)
rElec   .            (no cloak)
rCorr   .            (gloves unavailable)
SInv    +            (boots unavailable)
Will    .....        (no amulet)
Stlth   ++           (no ring)
HPRegen 0.23/turn    (no ring)
MPRegen 0.09/turn

%: no passive effects
@: very quick
A: very small, no large weapons, unfitting armour, see invisible, speed 3
a: no special abilities


You were on level 2 of the Dungeon.
You visited 1 branch of the dungeon, and saw 2 of its levels.

You collected 55 gold pieces.


Innate Abilities, Weirdness & Mutations

You are very small and have problems with some larger weapons.
You are too small for most types of armour.
You have supernaturally acute eyesight. (SInv)
You cover ground extremely quickly. (Speed+++)


   Skills:
 - Level 1.5 Fighting
 - Level 5.0 Ranged Weapons
 + Level 4.3 Dodging
 - Level 1.5 Stealth


You had 3 spell levels left.
You didn't know any spells.
Your spell library was empty.

Inventory:

Hand Weapons
 a - a +0 shortbow (weapon)
Armour
 c - a +0 robe (worn)
Jewellery
 e - a ring of resist corrosion
Scrolls
 g - a scroll of silence {unknown}
Potions
 b - a potion of brilliance {unknown}
 d - a potion of might
 f - a potion of curing {unknown}

Dungeon Overview and Level Annotations

Branches:
Dungeon (2/15)

Altars:

Annotations:
D:2 Robin


Message History

You shoot an arrow. The arrow barely misses the goblin.
The goblin misses you. x2; The goblin closely misses you.
A goblin comes into view. It is wielding a +0 dagger.
You shoot an arrow. The arrow hits the goblin.
You kill the goblin!
The goblin completely misses you. Robin throws the goblin at you!
The goblin hits you with a +0 club.
You shoot an arrow. The arrow barely misses the goblin.
The goblin hits you with a +0 dagger. The goblin hits you but does no damage.
A goblin comes into view. It is wielding a +0 club.
The goblin barely misses you.
You shoot an arrow. The arrow hits Robin!
Robin is heavily wounded.
The goblin closely misses you. x2; The goblin completely misses you.
You shoot an arrow. The arrow hits Robin.
Robin is heavily wounded.
The goblin misses you. The goblin completely misses you.
The goblin barely misses you.
You shoot an arrow.
The arrow hits Robin but does no damage.
Robin is heavily wounded.
Robin roars a battlecry!
The goblins go into a battle-frenzy!
The goblin misses you. The goblin closely misses you. The goblin misses you.
The goblin hits you with a +0 dagger. The goblin closely misses you.
The goblin completely misses you.
You shoot an arrow. The arrow barely misses Robin.
The goblin completely misses you. The goblin hits you with a +0 dagger.
The goblin closely misses you.
You shoot an arrow.
The arrow hits Robin but does no damage.
Robin is heavily wounded.
The goblin barely misses you. The goblin misses you. x2
The goblin barely misses you.
You shoot an arrow. The arrow barely misses Robin.
The goblin misses you. The goblin completely misses you.
The goblin hits you with a +0 dagger. The goblin hits you with a +0 club.
You shoot an arrow. The arrow barely misses Robin.
The goblin hits you with a +0 dagger.
You die...

# #. .. ..# #.
####?# #...#.##...
## #....#.# #!.
#....###### # <..
######.......#... ..
#......###.)....!
#.##g####....)######
#.g@g..#..#..#######
#.gg##.|............
#.######)####.######
.). #.......#####
.)## ######.......
.. ######## ##..###.
. #......# ##)....
#...)..# ##..<###
#......###..#..##


You could see Robin and 4 goblins.

Vanquished Creatures
  4 gnolls (D:2)
  2 ball pythons
  2 endoplasms (D:1)
  A giant cockroach (D:1)
  3 hobgoblins
  4 kobolds
  2 frilled lizards (D:1)
  14 goblins
  A rat (D:1)
33 creatures vanquished.

Notes
Turn   | Place    | Note
-------+----------+-------------------------------------------
     0 | D:1      | qw the Spriggan Hunter began the quest for the Orb.
     0 | D:1      | Reached XP level 1. HP: 10/10 MP: 2/2
     0 | D:1      | 0 ||| qw: Version: 0.3-a-160-g6735b56
     0 | D:1      | 0 ||| qw: Game counter: 5884
     0 | D:1      | 0 ||| qw: Melee chars always use a shield: true
     0 | D:1      | 0 ||| qw: God list: Okawaru
     0 | D:1      | 0 ||| qw: Allow faded altars: false
     0 | D:1      | 0 ||| qw: Do Orc after clearing Dungeon:15 true
     0 | D:1      | 0 ||| qw: Do second Lair branch before Depths: true
     0 | D:1      | 0 ||| qw: Lair rune preference: random
     0 | D:1      | 0 ||| qw: Goals: Normal
     0 | D:1      | 0 ||| PLANNING D:1-11
    61 | D:1      | Reached skill level 3 in Dodging
   142 | D:1      | Reached XP level 2. HP: 14/14 MP: 3/3
   439 | D:1      | 439 ||| READING scroll labelled JOFEIM BAHO.
   440 | D:1      | 440 ||| READING scroll labelled BITURI VOW LOM.
   541 | D:1      | 541 ||| READING scroll labelled RIFREETTIO.
   542 | D:1      | 542 ||| DRINKING 2 black potions.
   543 | D:1      | 543 ||| DROPPING scroll of butterflies.
   598 | D:2      | 598 ||| RETREEEEATING.
   600 | D:2      | 600 ||| RETREEEEATING.
   602 | D:2      | 602 ||| RETREEEEATING.
   605 | D:2      | Reached XP level 3. HP: 18/18 MP: 4/4
   615 | D:2      | Reached skill level 5 in Ranged Weapons
   669 | D:2      | Noticed Robin
   670 | D:2      | Reached XP level 4. HP: 22/22 MP: 5/5
   686 | D:2      | HP: 1/22 [goblin/+0 club[Robin] (5)]
   687 | D:2      | Slain by a goblin

Levels and vault maps discovered:
D:1:      lightli_arrival_maybe_door_vault, layout_basic, serial_forest,
          infiniplex_forest_corner_2, infiniplex_forest_lined_corner,
          infiniplex_forest_corner_2, infiniplex_forest_lined_room_2,
          infiniplex_forest_zigzag_1
D:2:      layout_rooms, uniq_robin, uniq_sigmund

Skill      XL: |  1  2  3 |
---------------+----------+-----
Dodging        | 3 4 |  4.3
Ranged Weapons | 5 |  5.0
Fighting       | |  1.5
Stealth        | |  1.5

Action                     |  1- 3 |  4- 6 || total
---------------------------+-------+-------++-------
   Fire: Shortbow          |    61 |    18 ||    79
    Use: Scroll            |     3 |       ||     3
         Potion            |     1 |       ||     1
 Armour: Robe              |     5 |    15 ||    20
  Dodge: Dodged            |    13 |    27 ||    40

Table legend:
 A = Non-vault XP
 B = Vault XP
 C = Vault XP percentage of total XP
 D = Non-vault monster count
 E = Vault monster count
 F = Vault count percentage of total count
                 A         B        C        D         E       F
            +---------+---------+-------+---------+---------+-------
      Total |      93 |      13 |  12.3 |      26 |       7 |  21.2
            +---------+---------+-------+---------+---------+-------
        D:1 |      31 |       0 |   0.0 |      18 |       0 |   0.0
        D:2 |      62 |      13 |  17.3 |       8 |       7 |  46.7
            +---------+---------+-------+---------+---------+-------
